 Dungeon Crawl Stone Soup version 0.32-a0-918-g0f22ef8d61 (webtiles) character file.

Game seed: 14942208286268117857

133 Ofeo the Trooper (level 5, -3/42 HPs)
             Began as a Coglin Brigand on Apr 11, 2024.
             Slain by a gnoll
             ... wielding a +0 flail
              (5 damage)
             ... on level 3 of the Dungeon.
             The game lasted 00:02:24 (2822 turns).

Ofeo the Trooper (Coglin Brigand)                   Turns: 2822, Time: 00:02:25

Health: -3/42      AC:  4    Str:  9 (11) XL:     5   Next: 16%
Magic:  5/5        EV: 11    Int:  8 (10) God:
Gold:   99         SH:  0    Dex: 17 (18) Spells: 4/4 levels left

rFire   + . .        a - +2 dagger {Nenetl}
rCold   + . .        g - +2 short sword (drain) {Thatsani}
rNeg    . . .        b - +0 robe
rPois   +            (no helmet)
rElec   +            c - +0 cloak
rCorr   +            o - +0 pair of gloves
SInv    .            (no boots)
Will    .....        (amulet unavailable)
Stlth   +++          (ring unavailable)
HPRegen 0.27/turn    (ring unavailable)
MPRegen 0.09/turn    (no gizmo)

%: no passive effects
@: resistant, attractive
A: off-hand wielding, slow wielding, warmup strikes, no jewellery
a: Invent Gizmo


You were on level 3 of the Dungeon.
You visited 1 branch of the dungeon, and saw 3 of its levels.

You collected 99 gold pieces.

Inventory:

Hand Weapons
 a - a +2 dagger (weapon) {Nenetl}
 f - a +0 dagger {Ramón}
 g - a +2 short sword of draining (offhand) {Thatsani}
Missiles
 d - 11 poisoned darts (quivered)
 e - 3 curare-tipped darts
Armour
 b - a +0 robe (worn)
 c - a +0 cloak (worn)
 o - a +0 pair of gloves (worn)
Scrolls
 h - a scroll of noise {unknown}
 j - a scroll of blinking {unknown}
 k - 2 scrolls of enchant armour {unknown}
 n - 2 scrolls of identify {unknown}
 s - a scroll of teleportation {unknown}
Potions
 i - 2 potions of curing {unknown}
 q - a potion of might {unknown}
 r - a potion of invisibility {unknown}
 t - a potion of magic {unknown}


   Skills:
 + Level 4.0 Fighting
 - Level 2.2 Short Blades
 - Level 2.2 Throwing
 - Level 1.5 Dodging
 - Level 3.6 Stealth


You had 4 spell levels left.
You didn't know any spells.
Your spell library was empty.

Dungeon Overview and Level Annotations

Branches:
Dungeon (3/15)

Altars:

Shops:
D:1 *

Annotations:
D:3 Ijyb


Innate Abilities, Weirdness & Mutations

You can wield a second weapon in your off-hand.
It takes a long time for you to wield or remove held weapons.
Your first few attacks do less damage.
You cannot equip rings or amulets.


Message History

You take 3 damage, and have 36/42 hp.
The gnoll attacks as it pursues you!
The gnoll hits you from afar with a +0 spear.
You take 3 damage, and have 34/42 hp.
The gnoll attacks as it pursues you!
The gnoll hits you from afar with a +0 spear.
You take 5 damage, and have 29/42 hp.
The gnoll attacks as it pursues you!
The gnoll hits you from afar with a +0 spear.
You take 5 damage, and have 25/42 hp.
The gnoll attacks as it pursues you!
The gnoll hits you from afar with a +0 spear.
You take 5 damage, and have 20/42 hp.
The gnoll attacks as it pursues you! The gnoll completely misses you.
The gnoll attacks as it pursues you!
The gnoll hits you from afar with a +0 spear.
You take 4 damage, and have 16/42 hp.
The gnoll attacks as it pursues you!
The gnoll hits you from afar with a +0 spear.
You take 2 damage, and have 14/42 hp.
The gnoll attacks as it pursues you!
The gnoll hits you from afar with a +0 spear!
* * * LOW HITPOINT WARNING * * *
You take 9 damage, and have 6/42 hp.
MASSIVE DAMAGE!!
The gnoll attacks as it pursues you!
The gnoll hits you from afar with a +0 spear.
* * * LOW HITPOINT WARNING * * *
You take 1 damage, and have 5/42 hp.
It was a potion of attraction.
You feel attractive to monsters.
The gnoll is attracted toward you. x2; Something is attracted toward you.
It was a potion of resistance.
You feel protected.
It was a potion of degeneration.
There was something very wrong with that liquid.
You feel weakened.
You feel dopey.
You feel clumsy. The gnoll hits you with a +0 spear.
* * * LOW HITPOINT WARNING * * *
The gnoll hits you with a +0 flail.
You die...

# #.....######.##.#.#.#.###...#.#
# #..............................
# ###..##...##.##.#.#.#.##.......
# #.........................#..
## #######.##....#.#.#.##.#..#.#
.# #.>.................#.. .#
##....#.#.#.#.##.#..#.# .#
#....#.#.#.#.##.#..#.# .#
#....@g............... ##
######g#..............
#g###.#.##.#..#.# #§#
#.#.#.....#.. #.# #.#.#..#..#.#
#################g###.#)...#..#.#
...........g.gg..................
######.#####...............#.##.#
#.# #.#####.#####..#.#.####


You could see 3 gnolls.

Vanquished Creatures
  5 adders (D:2)
  A ribbon worm (D:2)
  5 dart slugs
  5 orcs (D:3)
  7 endoplasms
  2 giant cockroaches
  2 hobgoblins
  7 jackals
  4 quokkas
  5 ball pythons
  9 bats
  3 frilled lizards
  3 goblins
  5 kobolds
  5 rats
68 creatures vanquished.

Notes
Turn   | Place    | Note
-------+----------+-------------------------------------------
     0 | D:1      | Ofeo the Coglin Brigand began the quest for the Orb.
     0 | D:1      | Reached XP level 1. HP: 16/16 MP: 1/1
    23 | D:1      | Reached skill level 1 in Dodging
    40 | D:1      | Reached XP level 2. HP: 4/22 MP: 2/2
   338 | D:1      | Found Cusaw's Assorted Antiques.
   692 | D:1      | Reached XP level 3. HP: 27/27 MP: 3/3
   776 | D:1      | Found a faded altar of an unknown god.
  1108 | D:2      | Reached XP level 4. HP: 20/34 MP: 4/4
  1389 | D:2      | Reached skill level 3 in Fighting
  2173 | D:3      | Reached XP level 5. HP: 39/42 MP: 5/5
  2373 | D:3      | Reached skill level 4 in Fighting
  2777 | D:3      | Noticed Ijyb
  2822 | D:3      | HP: 2/42 [gnoll/+0 spear (4)]
  2822 | D:3      | Slain by a gnoll

Illustrated notes

Levels and vault maps discovered:
D:1:      evilmike_arrival_plus, layout_basic, serial_shops, shop,
          hellmonk_ecumenical_altar_run_dry
D:2:      layout_basic, chequers_jeans
D:3:      layout_basic, uniq_ijyb

Skill      XL: |  1  2  3  4  5 |
---------------+----------------+-----
Dodging        | 1 |  1.5
Short Blades   | 2 |  2.2
Throwing       | 2 |  2.2
Fighting       | 3 4 |  4.0
Stealth        | |  3.6

Action                     |  1- 3 |  4- 6 || total
---------------------------+-------+-------++-------
  Melee: Dagger            |    84 |    45 ||   129
         Short sword       |    63 |    44 ||   107
    Use: Potion            |       |     3 ||     3
   Stab: Sleeping          |     5 |     5 ||    10
         Distracted        |       |     1 ||     1
 Armour: Robe              |    50 |    51 ||   101
  Dodge: Dodged            |    67 |    36 ||   103

Table legend: (Time is in decaauts)
 A = Elapsed time spent in this place.
 B = Non-inter-level travel time spent in this place.
 C = Inter-level travel time spent in this place.
 D = Time resting spent in this place.
 E = Time spent auto-exploring this place.
 F = Levels seen in this place.
 G = Mean time per level.
                   A        B        C        D        E       F      G
               +--------+--------+--------+--------+--------+-----+--------+
         Total |   2806 |   2688 |    118 |     62 |   2145 |   3 |  935.3 |
       Dungeon |   2806 |   2688 |    118 |     62 |   2145 |   3 |  935.3 |
               +--------+--------+--------+--------+--------+-----+--------+

Top non-repeatable levels by time:
     D:2: 1179 daAuts
     D:1: 955 daAuts
     D:3: 671 daAuts
